 Dungeon Crawl Stone Soup version 0.31-a0-150-g89dc3ad700 (webtiles) character file.

Game seed: 18083130647647708776

256591 qw the Crack Shot (level 19, -6/191 HPs)
             Began as a Minotaur Hunter on June 8, 2023.
             Was a High Priest of Okawaru.
             Mangled by a lindwurm (10 damage)
             ... on level 4 of the Vaults.
             The game lasted 00:16:20 (31096 turns).

qw the Crack Shot (Minotaur Hunter)                Turns: 31096, Time: 00:16:21

Health: -6/191     AC: 17    Str: 21    XL:     19   Next: 45%
Magic:  20/22      EV: 45    Int: 13    God:    Okawaru [*****.]
Gold:   2291       SH:  0    Dex: 32    Spells: 18/18 levels left

rFire   + + .        w - +4 triple crossbow (freeze)
rCold   + + .        (shield currently unavailable)
rNeg    . . .        u - +4 ring mail of Dappiuqo {Regen+}
rPois   +            y - -1 hat "Qijux" {Contam +Blink rC+ Int+3}
rElec   .            l - scarf of Istrauc {rC+ rF+, Dex+4}
rCorr   .            k - +2 pair of gloves
SInv    +            i - +0 pair of boots "Gaaseamp" {Will+ Dex+5}
Will    ++...        s - amulet of faith
Stlth   ++++         q - ring "Ifeicwiz" {rF+ Str+2 Dex+3 SInv Stlth+}
HPRegen 1.31/turn    d - ring "Enlaaror" {EV+5 Str+3}
MPRegen 0.18/turn

%: clarity, faith
@: about to teleport, heroic, finesse-ful
A: horns 2, retaliatory headbutt, clarity, clever 1, low MP 1, passive freeze,
poison resistance
}: 1/15 runes: barnacled
a: Renounce Religion, Evoke Blink, Heroism, Finesse, Duel


You were on level 4 of the Vaults.
You worshipped Okawaru.
Okawaru was extremely pleased with you.
You visited 7 branches of the dungeon, and saw 34 of its levels.
You also visited: Ossuary and Gauntlet.

You collected 4339 gold pieces.
You spent 2048 gold pieces at shops.


Innate Abilities, Weirdness & Mutations

You have a pair of horns on your head.
You reflexively headbutt those who attack you in melee.
You possess an exceptional clarity of mind.
Your mind is acute. (Int +4, Str/Dex -1)
Your magical capacity is low. (-10% MP)
A frigid envelope surrounds you and freezes all who hurt you.
Your system is resistant to poisons. (rPois)


   Skills:
 + Level 22.0(27) Fighting
 - Level 22.0(27) Ranged Weapons
 - Level 12.0(17.0) Armour
 - Level 21.0(26.0) Dodging
 - Level 0.7(5.7) Stealth
 - Level 10.0 Invocations


You had 18 spell levels left.
You didn't know any spells.
Your spell library was empty.

Inventory:

Hand Weapons
 w - a +4 triple crossbow of freezing (weapon)
Armour
 i - the +0 pair of boots "Gaaseamp" (worn) {Will+ Dex+5}
   (You found it on level 3 of the Dungeon)

   Dex:       It affects your dexterity (+5).
   Will:      It increases your willpower.
 k - a +2 pair of gloves (worn)
 l - the scarf of Istrauc (worn) {rC+ rF+, Dex+4}
   (You acquired it on level 11 of the Dungeon)

   Dex:       It affects your dexterity (+4).
 r - a +2 cloak of willpower
 u - the +4 ring mail of Dappiuqo (worn) {Regen+}
   (You bought it in a shop on level 10 of the Dungeon)

   Regen:     It increases your rate of health regeneration.
 y - the -1 hat "Qijux" (worn) {Contam +Blink rC+ Int+3}
   (Okawaru gifted it to you on level 1 of the Spider Nest)

   Int:       It affects your intelligence (+3).
   rC:        It protects you from cold.
   +Blink:    It lets you blink.
   Contam:    It causes magical contamination when unequipped.
Jewellery
 d - the ring "Enlaaror" (right hand) {EV+5 Str+3}
   (You found it on level 6 of the Dungeon)

   [ring of evasion]

   EV:        It affects your evasion (+5).
   Str:       It affects your strength (+3).
 j - a ring of protection from fire
 q - the ring "Ifeicwiz" (left hand) {rF+ Str+2 Dex+3 SInv Stlth+}
   (You found it in a Gauntlet)

   [ring of protection from fire]

   Str:       It affects your strength (+2).
   Dex:       It affects your dexterity (+3).
   rF:        It protects you from fire.
   SInv:      It lets you see invisible.
   Stlth:     It makes you more stealthy.
 s - an amulet of faith (around neck)
 t - the amulet "Ziulanti" {rN+ Will+ Regen+ Str+3}
   (You bought it in a shop on level 2 of the Orcish Mines)

   [amulet of regeneration]

   Str:       It affects your strength (+3).
   rN:        It protects you from negative energy.
   Regen:     It increases your rate of health regeneration.
   Will:      It increases your willpower.
 v - a +5 ring of evasion
 x - the amulet of Ittimoul {Spirit rF+ Will+ Stlth-}
   (You acquired it on level 3 of the Shoals)

   [amulet of guardian spirit]

   It causes incoming damage to be divided between your reserves of health and
   magic.
   rF:        It protects you from fire.
   Will:      It increases your willpower.
   Stlth:     It makes you less stealthy.
Scrolls
 a - 19 scrolls of teleportation
 b - 22 scrolls of identify
 c - 3 scrolls of enchant armour
Potions
 g - 13 potions of curing
 h - a potion of magic
 n - 8 potions of might
 o - 5 potions of mutation
 p - 4 potions of haste

Dungeon Overview and Level Annotations

Branches:
Dungeon (15/15)            Temple (1/1) D:6            Lair (5/5) D:9
 Shoals (4/4) Lair:3       Spider (3/4) Lair:3        Slime (0/5) Lair:5
    Orc (2/2) D:11            Elf (0/3) Orc:2        Vaults (4/5) D:14
  Crypt (0/3) Vaults:3     Depths (0/4) D:15        Ossuary (visited)
Gauntlet (visited)

Altars:
Ashenzari
Cheibriados
Dithmenos
Elyvilon
Fedhas
Gozag
Hepliaklqana
Kikubaaqudgha
Makhleb
Nemelex Xobeh
Okawaru
Qazlal
Ru
Sif Muna
Trog
Uskayaw
Vehumet
Wu Jian
Xom
Yredelemnul
Zin
The Shining One
Jiyva

Shops:
D:2 [   D:10 *   D:13 :   D:14 (   Orc:2 =:=[(   Vaults:3 ?

Portals:
Trove: Vaults:2 (give +5 fire dragon scales)

Annotations:
D:3 2 transporters, qw's ghost, amateur GrHu
D:4 Edmund
D:6 2 transporters, qw's ghost, novice GrFi
D:8 1 transporter
Spider:2 1 runed translucent door, qw's ghost, adept MiHu
Orc:1 2 transporters, Dinant's ghost, journeyman DsMo


Message History

The dire elephant is moderately wounded.
The dire elephant completely misses you.
You furiously retaliate!
You headbutt the dire elephant. The dire elephant trunk-slaps you!
The dire elephant is very cold.
The dire elephant is lightly wounded.
The dire elephant barely misses you. You furiously retaliate!
You headbutt the dire elephant!
The dire elephant completely misses you.
The lindwurm completely misses you. You furiously retaliate!
You headbutt the lindwurm. The lindwurm completely misses you. x2
You shoot a bolt. The bolt hits the dire elephant.
The bolt freezes the dire elephant.
The dire elephant is heavily wounded.
Strange energies crackle from the ironbound thunderhulk's apparatus.
The ironbound thunderhulk blinks!
You shoot a bolt. The bolt hits the dire elephant.
The bolt freezes the dire elephant.
The dire elephant is severely wounded.
The dire elephant tramples you!!
You stumble backwards!
31094 ||| READING 20 scrolls of teleportation.
As you read the scroll of teleportation, it crumbles to dust.
You feel strangely unstable.
Electricity crackles from the ironbound thunderhulk's apparatus.
The bolt of lightning hits you!!! The lindwurm completely misses you.
You furiously retaliate!
You headbutt the lindwurm! The lindwurm misses you.
The lindwurm completely misses you.
The dire elephant completely misses you.
You furiously retaliate!
You headbutt the dire elephant! The dire elephant trunk-slaps you.
The dire elephant is very cold.
The dire elephant is lightly wounded.
The dire elephant completely misses you. x2
You shoot a bolt. The bolt hits the dire elephant!!
The bolt freezes the dire elephant!
The dire elephant is almost dead.
You shoot a bolt. The bolt hits the dire elephant!!!
The bolt freezes the dire elephant.
You kill the dire elephant!
Okawaru accepts your kill. The lindwurm bites you!
You die...

##+#######
#........#
#........#
#.@......#
#k¤Y.....#
#...%....#
#........#
#........#
#.....O..#
#........#
#........#
#........#


You could see a dire elephant, an ironbound thunderhulk and a lindwurm.

Vanquished Creatures
  A bone dragon (Vaults:3)
  Arachne (Spider:2)
  Zenata (Vaults:2)
  6 sphinxes
  Kirke (D:15)
  A tengu reaver (Vaults:1)
  7 vault wardens
  3 ghost moths
  An emperor scorpion (Spider:3)
  4 orc warlords
  2 formless jellyfish
  2 broodmothers (Spider:2)
  15 ironbound preservers
  12 dire elephants
  Azrael (Spider:2)
  6 ironbound thunderhulks
  A deep elf annihilator (Vaults:3)
  2 minotaurs
  A merfolk javelineer (Shoals:4)
  Snorg (Lair:5)
  7 yaktaur captains
  7 merfolk impalers
  An entropy weaver (Spider:3)
  3 great orbs of eyes
  5 vault guards
  3 ice dragons
  Fannar (D:10)
  2 hydras
  A peacekeeper (Vaults:3)
  4 centaur warriors
  2 catoblepae
  2 radroaches
  2 death knights (D:13)
  3 merfolk aquamancers
  7 boulder beetles
  2 jorogumos
  6 ironbound frosthearts
  10 satyrs
  3 merfolk avatars
  3 two-headed ogres
  4 demonic crawlers
  2 orc high priests
  A wretched star (Gauntlet)
  Amaemon (D:8)
  6 skysharks
  5 pharaoh ants
  A sun moth (Spider:2)
  3 skeletal warriors (D:13)
  2 fire crabs (Lair:4)
  41 deep trolls
  5 orb spiders
  9 ironbound convokers
  A glowing orange brain (Vaults:3)
  7 sea snakes
  6 wizards
  23 harpies
  2 phantasmal warriors (D:13)
  4 lindwurms
  2 steelbarb worms
  5 deep elf pyromancers
  2 orc knights (Vaults:1)
  An oklob plant (Lair:3)
  A moth of wrath (Spider:3)
  21 fauns
  14 manticores
  5 cyclopes
  4 orc sorcerers (Orc:2)
  Maurice (D:13)
  18 wolf spiders
  27 ugly things
  8 merfolk sirens
  6 black mambas
  A gargoyle (D:11)
  10 elephants
  7 vault sentinels
  An orange demon (D:8)
  6 water nymphs
  Joseph (D:7)
  An unseen horror (D:12)
  4 cane toads
  Psyche (D:12)
  6 freezing wraiths
  29 yaktaurs
  Maggie (D:8)
  2 efreet
  A tengu conjurer (D:13)
  10 komodo dragons
  4 trolls
  7 meliai
  10 polar bears
  34 merfolk
  Prince Ribbit (D:5)
  11 blink frogs
  20 tarantellas
  4 wind drakes
  5 raiju
  2 hornets (D:8)
  6 snapping turtles
  3 dream sheep (Shoals:3)
  Grinder (D:3)
  21 slime creatures
  28 jumping spiders
  17 culicivoras
  6 fire elementals (Spider:3)
  10 wyverns
  9 water elementals
  A wraith (D:13)
  65 yaks
  A shadow (D:9)
  A hog (shapeshifter) (D:14)
  2 hogs (D:15)
  A human (D:15)
  A steam dragon (D:8)
  32 redbacks
  6 basilisks
  2 swamp worms (Lair:2)
  8 vampire mosquitoes
  2 neqoxecs (Gauntlet)
  6 wargs
  An acid dragon (D:14)
  15 hell hounds
  16 water moccasins
  An ice beast (D:7)
  22 orc warriors
  17 black bears
  3 ogres
  A sky beast (D:7)
  5 boggarts
  26 wolves
  6 centaurs
  A phantom (D:5)
  A kobold brigand (D:8)
  3 elf zombies (Ossuary)
  2 scorpions
  19 bullfrogs
  A gnoll sergeant (D:8)
  3 wights (D:8)
  20 killer bees
  An electric eel (Spider:1)
  4 howler monkeys
  3 centaur zombies (Ossuary)
  2 hounds (D:5)
  6 human zombies (Ossuary)
  A jelly (D:5)
  18 orc priests
  4 sleepcaps
  2 iguanas
  32 orc wizards
  A small abomination (Gauntlet)
  3 mummies (Ossuary)
  10 gnolls
  12 adders
  4 dart slugs
  57 orcs
  2 bats (D:2)
  6 endoplasms
  3 giant cockroaches
  10 hobgoblins
  8 jackals
  8 kobolds
  4 quokkas
  5 ball pythons
  5 frilled lizards
  4 goblins
  8 rats
1175 creatures vanquished.

Vanquished Creatures (others)
  A sphinx (Shoals:4)
  A faun (Shoals:4)
2 creatures vanquished.

Grand Total: 1177 creatures vanquished

Notes
Turn   | Place    | Note
-------+----------+-------------------------------------------
     0 | D:1      | qw the Minotaur Hunter began the quest for the Orb.
     0 | D:1      | Reached XP level 1. HP: 18/18 MP: 0/0
     0 | D:1      | 0 ||| qw: Version: 0.2-a-120-gdf1a93b
     0 | D:1      | 0 ||| qw: Game counter: 2969
     0 | D:1      | 0 ||| qw: Always use a shield: true
     0 | D:1      | 0 ||| qw: God list: Okawaru
     0 | D:1      | 0 ||| qw: Allow faded altars: false
     0 | D:1      | 0 ||| qw: Do Orc after D:15 true
     0 | D:1      | 0 ||| qw: Do second Lair branch before Depths: true
     0 | D:1      | 0 ||| qw: Lair rune preference: random
     0 | D:1      | 0 ||| qw: Plans: Normal
     0 | D:1      | 0 ||| PLANNING D:1-11
    94 | D:1      | HP: 4/18 [frozen (5)]
    95 | D:1      | HP: 1/18 [frozen (3)]
   240 | D:1      | Reached XP level 2. HP: 25/25 MP: 1/1
   455 | D:1      | Reached skill level 3 in Fighting
   752 | D:1      | 752 ||| UPGRADING to +0 ring mail.
   762 | D:1      | 762 ||| DROPPING +0 leather armour.
   763 | D:1      | 763 ||| READING scroll labelled UXAMA OPREXI.
   768 | D:1      | 768 ||| DROPPING scroll of butterflies.
   814 | D:2      | Found Caholuem's Antique Armour Boutique.
   820 | D:2      | 820 ||| SHOPLISTING embroidered scarf (168 gold, have 28).
   820 | D:2      | 820 ||| SHOPLISTING pair of boots (94 gold, have 28).
   820 | D:2      | 820 ||| SHOPLISTING pair of runed gloves (157 gold, have
                  | 28).
   834 | D:2      | Reached XP level 3. HP: 31/31 MP: 2/2
   863 | D:2      | Reached skill level 1 in Armour
  1121 | D:2      | You fall into a shaft and drop 1 floor!
  1178 | D:3      | Reached XP level 4. HP: 38/38 MP: 3/3
  1200 | D:3      | Reached skill level 6 in Ranged Weapons
  1230 | D:3      | Identified the +0 pair of boots "Gaaseamp" {Will+ Dex+5}
  1249 | D:3      | Noticed Grinder
  1267 | D:3      | Killed Grinder
  1268 | D:3      | Reached skill level 6 in Fighting
  1268 | D:3      | Reached XP level 5. HP: 21/50 MP: 4/4
  1493 | D:3      | 1493 ||| UPGRADING to +0 pair of boots "Gaaseamp" {Will+
                  | Dex+5}.
  1498 | D:3      | 1498 ||| UPGRADING to amulet of the acrobat.
  1503 | D:3      | 1503 ||| DROPPING ring of magical power.
  1504 | D:3      | 1504 ||| READING scroll labelled POPRIE ZOIKK.
  1605 | D:3      | 1605 ||| READING scroll labelled VISIFO YKKIVA.
  1606 | D:3      | 1606 ||| DRINKING 2 fizzy amethyst potions.
  1607 | D:3      | 1607 ||| DROPPING potion of degeneration.
  1651 | D:2      | Reached XP level 6. HP: 57/57 MP: 5/5
  2318 | D:3      | Found a transporter.
  2320 | D:3      | Noticed qw's ghost (amateur GrHu)
  2321 | D:3      | Found a transporter.
  2444 | D:3      | 2444 ||| UPGRADING to +0 pair of gloves.
  2449 | D:3      | 2449 ||| READING scroll of enchant armour.
  2449 | D:3      | 2449 ||| ENCHANTING +0 pair of gloves.
  2450 | D:3      | 2450 ||| UPGRADING to +4 ring of protection.
  2451 | D:3      | 2451 ||| READING scroll labelled WELANGETEDE.
  2453 | D:3      | 2453 ||| Stepping ~*~*~tactically~*~*~ (cloud).
  2573 | D:4      | Noticed Edmund
  2589 | D:4      | HP: 7/45 [Edmund/+4 flail of draining (6)]
  2590 | D:4      | 2590 ||| READING scroll of teleportation.
  2590 | D:4      | HP: 2/44 [Edmund/+4 flail of draining (2)]
  3467 | D:4      | 3467 ||| READING scroll labelled MOROSU PE OGAS.
  3468 | D:4      | 3468 ||| DRINKING 2 metallic clear potions.
  3469 | D:4      | 3469 ||| DRINKING 3 green potions.
  3488 | D:5      | Entered Level 5 of the Dungeon
  3489 | D:5      | 3489 ||| PLANNING OSSUARY
  3493 | D:5      | 3493 ||| STAIRDANCE
  3495 | D:4      | HP: 9/44 [ogre/+0 giant club (26)]
  3496 | D:4      | 3496 ||| DRINKING potion of heal wounds.
  3636 | D:5      | Found a sand-covered staircase.
  3646 | D:5      | 3646 ||| UPGRADING to amulet of regeneration.
  3656 | D:5      | 3656 ||| DROPPING amulet of the acrobat.
  3658 | Ossuary  | Entered an ossuary
  3671 | Ossuary  | Reached XP level 7. HP: 57/59 MP: 6/6
  3717 | Ossuary  | Reached skill level 3 in Dodging
  3823 | Ossuary  | Reached skill level 9 in Ranged Weapons
  3840 | Ossuary  | Reached XP level 8. HP: 70/70 MP: 7/7
  3876 | Ossuary  | 3876 ||| READING scroll labelled SOUBASS ECZIPT.
  3877 | Ossuary  | 3877 ||| READING scroll labelled WYARIO GANEHYIXT.
  3878 | Ossuary  | 3878 ||| DRINKING 2 blue potions.
  3983 | Ossuary  | 3983 ||| DRINKING 2 glowing puce potions.
  3984 | Ossuary  | 3984 ||| DRINKING 2 pink potions.
  3984 | Ossuary  | Gained mutation: A frigid envelope surrounds you and
                  | freezes all who hurt you. [potion of mutation]
  3984 | Ossuary  | Gained mutation: Your system is resistant to poisons.
                  | (rPois) [potion of mutation]
  3984 | Ossuary  | Gained mutation: You possess an exceptional clarity of
                  | mind. [potion of mutation]
  3984 | Ossuary  | Gained mutation: Your mind is acute. (Int +4, Str/Dex -1)
                  | [potion of mutation]
  3985 | Ossuary  | 3985 ||| DROPPING potion of berserk rage.
  3999 | D:5      | 3999 ||| PLANNING D:1-11
  4268 | D:5      | Found an ornate altar of the Wu Jian Council.
  4523 | D:5      | Noticed Prince Ribbit
  4530 | D:5      | Reached skill level 3 in Armour
  4540 | D:5      | Killed Prince Ribbit
  4555 | D:5      | 4555 ||| UPGRADING to +0 cloak.
  4560 | D:5      | 4560 ||| UPGRADING to +2 cloak.
  4570 | D:5      | 4570 ||| DROPPING +0 cloak.
  4571 | D:5      | 4571 ||| DROPPING ring of flight.
  4572 | D:5      | 4572 ||| READING 2 scrolls labelled BEVIHA IGUWKU.
  4573 | D:5      | 4573 ||| READING scroll labelled IKLYNODWIT.
  4574 | D:5      | 4574 ||| READING 2 scrolls of identify.
  4574 | D:5      | 4574 ||| IDENTIFYING dark potion
  4575 | D:5      | 4575 ||| DROPPING potion of attraction.
  4576 | D:5      | 4576 ||| DROPPING scroll of amnesia.
  4630 | D:6      | Identified the ring "Enlaaror" {EV+5 Str+3}
  4698 | D:6      | Found a transporter.
  4699 | D:6      | Noticed qw's ghost (novice GrFi)
  4700 | D:6      | Found a transporter.
  4704 | D:6      | Identified the +9 dire flail of Duty {chaos, rC+ Will++}
  4704 | D:6      | Identified the +7 dire flail of Popular Demand {drain,
                  | Str-3 Int+5}
  4704 | D:6      | Noticed a two-headed ogre
  5028 | D:6      | Found a staircase to the Ecumenical Temple.
  5029 | D:6      | 5029 ||| PLANNING TEMPLE
  5029 | D:6      | 5029 ||| UPGRADING to ring "Enlaaror" {EV+5 Str+3}.
  5030 | D:6      | 5030 ||| DRINKING 2 bubbling red potions.
  5031 | D:6      | 5031 ||| DROPPING potion of enlightenment.
  5039 | Temple   | Entered the Ecumenical Temple
  5167 | Temple   | 5167 ||| PLANNING D:1-11
  5484 | D:6      | 5484 ||| SWAPPING to +0 orcbow.
  5485 | D:6      | 5485 ||| DROPPING +0 heavy shortbow.
  5788 | D:7      | Reached XP level 9. HP: 79/79 MP: 8/8
  5828 | D:7      | Reached skill level 12 in Ranged Weapons
  6006 | D:7      | 6006 ||| Stepping ~*~*~tactically~*~*~ (outnumbered).
  6008 | D:7      | 6008 ||| Stepping ~*~*~tactically~*~*~ (outnumbered).
  6012 | D:7      | 6012 ||| Stepping ~*~*~tactically~*~*~ (outnumbered).
  6114 | D:7      | Found a stormy altar of Qazlal.
  6115 | D:7      | 6115 ||| UPGRADING to amulet of faith.
  6276 | D:7      | Noticed Joseph
  6285 | D:7      | Killed Joseph
  6286 | D:7      | Reached skill level 6 in Dodging
  6310 | D:7      | Found an iron altar of Okawaru.
  6310 | D:7      | Found a shadowy altar of Dithmenos.
  6311 | D:7      | 6311 ||| PLANNING OKAWARU WORSHIP
  6311 | D:7      | 6311 ||| READING 2 scrolls labelled PUV LERUIJ.
  6312 | D:7      | 6312 ||| DROPPING scroll of magic mapping.
  6317 | D:7      | Became a worshipper of Warmaster Okawaru
  6317 | D:7      | 6317 ||| PLANNING D:1-11
  6327 | D:7      | Found a snail-covered altar of Cheibriados.
  6468 | D:7      | 6468 ||| READING 2 scrolls of identify.
  6468 | D:7      | 6468 ||| IDENTIFYING murky white potion
  6500 | D:8      | Noticed Maggie
  6512 | D:8      | Killed Maggie
  6626 | D:8      | Noticed an orange demon
  6639 | D:8      | Killed an orange demon
  6639 | D:8      | Reached * piety under Okawaru
  6640 | D:8      | Reached XP level 10. HP: 88/88 MP: 9/9
  6646 | D:8      | Noticed Amaemon
  6647 | D:8      | 6647 ||| INVOKING Heroism.
  6658 | D:8      | Killed Amaemon
  6802 | D:8      | Reached skill level 3 in Invocations
  6805 | D:8      | Reached ** piety under Okawaru
  6875 | D:8      | Reached skill level 9 in Fighting
  6916 | D:8      | Found a transporter.
  7021 | D:8      | Identified the +1 hand axe "Irghaucw" {flame, rF+ rC+
                  | Dex+3}
  7027 | D:8      | 7027 ||| INVOKING Heroism.
  7196 | D:8      | 7196 ||| INVOKING Heroism.
  7197 | D:8      | 7197 ||| Stepping ~*~*~tactically~*~*~ (outnumbered).
  7273 | D:8      | Noticed a catoblepas
  7273 | D:8      | Noticed a two-headed ogre
  7273 | D:8      | Noticed a deep elf pyromancer
  7273 | D:8      | Noticed a centaur warrior
  7274 | D:8      | 7274 ||| Stepping ~*~*~tactically~*~*~ (cloud).
  7276 | D:8      | 7276 ||| INVOKING Heroism.
  7278 | D:8      | 7278 ||| Stepping ~*~*~tactically~*~*~ (cloud).
  7280 | D:8      | 7280 ||| Stepping ~*~*~tactically~*~*~ (cloud).
  7286 | D:8      | 7286 ||| Stepping ~*~*~tactically~*~*~ (cloud).
  7287 | D:8      | Killed a catoblepas
  7287 | D:8      | Reached *** piety under Okawaru
  7295 | D:8      | Noticed a moth of wrath
  7298 | D:8      | Killed a centaur warrior
  7299 | D:8      | Reached XP level 11. HP: 32/97 MP: 13/13
  7301 | D:8      | Killed a two-headed ogre
  7305 | D:8      | 7305 ||| INVOKING Heroism.
  7306 | D:8      | HP: 17/99 [fire elemental[a deep elf pyromancer] (9)]
  7307 | D:8      | 7307 ||| READING 9 scrolls of teleportation.
  7389 | D:8      | 7389 ||| INVOKING Heroism.
  7397 | D:8      | 7397 ||| Stepping ~*~*~tactically~*~*~ (cloud).
  7605 | D:8      | 7605 ||| Stepping ~*~*~tactically~*~*~ (outnumbered).
  7662 | D:8      | 7662 ||| Stepping ~*~*~tactically~*~*~ (outnumbered).
  7671 | D:8      | 7671 ||| INVOKING Heroism.
  7677 | D:8      | Killed a deep elf pyromancer
  7725 | D:8      | 7725 ||| INVOKING Heroism.
  7884 | D:8      | 7884 ||| UPGRADING to +0 acid dragon scales.
  7894 | D:8      | 7894 ||| DROPPING +0 ring mail.
  7895 | D:8      | 7895 ||| DROPPING +2 pair of boots.
  7896 | D:8      | 7896 ||| DROPPING ring of resist corrosion.
  7897 | D:8      | 7897 ||| READING scroll labelled RANGOYRH WOFE.
  8030 | D:8      | 8030 ||| DRINKING 2 cyan potions.
  8031 | D:8      | 8031 ||| DRINKING 2 sedimented silvery potions.
  8078 | D:8      | 8078 ||| READING 3 scrolls of identify.
  8078 | D:8      | 8078 ||| IDENTIFYING black potion
  8079 | D:8      | 8079 ||| DROPPING potion of brilliance.
  8080 | D:8      | 8080 ||| DROPPING potion of invisibility.
  8081 | D:8      | 8081 ||| DROPPING potion of lignification.
  8192 | D:9      | Found a staircase to the Lair.
  8210 | D:9      | Reached **** piety under Okawaru
  8230 | D:9      | Reached skill level 6 in Armour
  8427 | D:9      | 8427 ||| INVOKING Heroism.
  8777 | D:9      | 8777 ||| PLANNING LAIR
  8821 | Lair:1   | Entered Level 1 of the Lair of Beasts
  8827 | Lair:1   | 8827 ||| INVOKING Heroism.
  8859 | Lair:1   | 8859 ||| INVOKING Heroism.
  8887 | Lair:1   | Reached skill level 15 in Ranged Weapons
  8894 | Lair:1   | Reached skill level 6 in Invocations
  8898 | Lair:1   | 8898 ||| INVOKING Heroism.
  8900 | Lair:1   | Reached ***** piety under Okawaru
  8935 | Lair:1   | 8935 ||| FLEEEEING.
  8944 | Lair:1   | 8944 ||| STAIRDANCE
  9097 | Lair:1   | 9097 ||| INVOKING Heroism.
  9148 | Lair:1   | 9148 ||| INVOKING Heroism.
  9238 | Lair:1   | 9238 ||| INVOKING Heroism.
  9305 | Lair:1   | 9305 ||| INVOKING Heroism.
  9310 | Lair:1   | Reached XP level 12. HP: 106/106 MP: 13/16
  9553 | Lair:1   | Identified the +5 quarterstaff of Eniemp {freeze, rN+ Str-4
                  | Dex+2}
  9589 | Lair:1   | 9589 ||| INVOKING Heroism.
 10012 | Lair:1   | 10012 ||| READING scroll labelled KOUCUSM OSCHOTE.
 10013 | Lair:1   | 10013 ||| READING scroll labelled ACANUF KIE.
 10058 | Lair:2   | Reached skill level 9 in Dodging
 10429 | Lair:2   | 10429 ||| INVOKING Heroism.
 10461 | Lair:2   | 10461 ||| INVOKING Heroism.
 10656 | Lair:2   | 10656 ||| INVOKING Heroism.
 10664 | Lair:2   | Reached skill level 9 in Invocations
 10684 | Lair:2   | Identified the +1 longbow "Fufot" {freeze, Str+3 Dex+3}
                  | (Okawaru gifted it to you on level 2 of the Lair of Beasts)
 10684 | Lair:2   | Received a gift from Okawaru
 10703 | Lair:2   | 10703 ||| SWAPPING to +1 longbow "Fufot" {freeze, Str+3
                  | Dex+3}.
 10704 | Lair:2   | 10704 ||| DROPPING +0 orcbow.
 10769 | Lair:2   | Identified the +6 short sword "Kemocef" {flame, rF+}
 10864 | Lair:2   | 10864 ||| INVOKING Heroism.
 10996 | Lair:2   | 10996 ||| READING scroll labelled FIUHISTR TIUPPOU.
 11020 | Lair:3   | Noticed a catoblepas
 11021 | Lair:3   | 11021 ||| INVOKING Heroism.
 11022 | Lair:3   | 11022 ||| INVOKING Finesse.
 11023 | Lair:3   | 11023 ||| Stepping ~*~*~tactically~*~*~ (cloud).
 11024 | Lair:3   | 11024 ||| Stepping ~*~*~tactically~*~*~ (cloud).
 11026 | Lair:3   | 11026 ||| INVOKING Finesse.
 11029 | Lair:3   | Killed a catoblepas
 11360 | Lair:3   | 11360 ||| INVOKING Heroism.
 11492 | Lair:3   | Found a hole to the Spider Nest.
 11559 | Lair:3   | Identified the +3 scale mail "Kuabech" {rCorr} (Okawaru
                  | gifted it to you on level 3 of the Lair of Beasts)
 11559 | Lair:3   | Received a gift from Okawaru
 11862 | Lair:3   | 11862 ||| INVOKING Heroism.
 11895 | Lair:3   | Found a staircase to the Shoals.
 11983 | Lair:3   | 11983 ||| INVOKING Heroism.
 11984 | Lair:3   | 11984 ||| INVOKING Finesse.
 11985 | Lair:3   | 11985 ||| DROPPING +2 cloak.
 11999 | Lair:3   | Reached XP level 13. HP: 116/116 MP: 12/19
 12060 | Lair:4   | 12060 ||| INVOKING Heroism.
 12108 | Lair:4   | 12108 ||| INVOKING Heroism.
 12304 | Lair:4   | 12304 ||| INVOKING Heroism.
 12421 | Lair:4   | 12421 ||| INVOKING Heroism.
 12811 | Lair:5   | Entered Level 5 of the Lair of Beasts
 12862 | Lair:5   | Noticed Snorg
 12863 | Lair:5   | 12863 ||| INVOKING Heroism.
 12877 | Lair:5   | Killed Snorg
 12913 | Lair:5   | Found a shimmering altar of Xom.
 13098 | Lair:5   | 13098 ||| INVOKING Heroism.
 13123 | Lair:5   | 13123 ||| INVOKING Heroism.
 13144 | Lair:5   | 13144 ||| Stepping ~*~*~tactically~*~*~ (outnumbered).
 13162 | Lair:5   | Reached skill level 18 in Ranged Weapons
 13191 | Lair:5   | 13191 ||| INVOKING Heroism.
 13210 | Lair:5   | 13210 ||| INVOKING Finesse.
 13267 | Lair:5   | 13267 ||| INVOKING Heroism.
 13272 | Lair:5   | Reached skill level 12 in Fighting
 13295 | Lair:5   | 13295 ||| READING scroll of enchant armour.
 13295 | Lair:5   | 13295 ||| ENCHANTING +0 acid dragon scales.
 13329 | Lair:5   | 13329 ||| Stepping ~*~*~tactically~*~*~ (outnumbered).
 13370 | Lair:5   | 13370 ||| INVOKING Heroism.
 13577 | Lair:5   | Identified the +5 buckler of the Final Deaths {Int+6}
                  | (Okawaru gifted it to you on level 5 of the Lair of Beasts)
 13577 | Lair:5   | Received a gift from Okawaru
 13580 | Lair:5   | 13580 ||| INVOKING Heroism.
 13792 | Lair:5   | Reached XP level 14. HP: 126/126 MP: 20/20
 13795 | Lair:5   | Found a viscous altar of Jiyva.
 13795 | Lair:5   | Found a staircase to the Slime Pits.
 14138 | Lair:5   | 14138 ||| PLANNING D:1-11
 14138 | Lair:5   | 14138 ||| READING 9 scrolls of identify.
 14138 | Lair:5   | 14138 ||| IDENTIFYING inky potion
 14277 | D:10     | Entered Level 10 of the Dungeon
 14520 | D:10     | Noticed Fannar
 14526 | D:10     | 14526 ||| INVOKING Heroism.
 14538 | D:10     | Killed Fannar
 14858 | D:10     | Found Huar's General Store.
 15047 | D:10     | 15047 ||| BUYING +4 ring mail of Dappiuqo {Regen+} (372
                  | gold).
 15047 | D:10     | Bought the +4 ring mail of Dappiuqo {Regen+} for 372 gold
                  | pieces
 15189 | D:10     | 15189 ||| DROPPING +2 robe of cold resistance.
 15190 | D:10     | 15190 ||| UPGRADING to +4 ring mail of Dappiuqo {Regen+}.
 15200 | D:10     | 15200 ||| DROPPING +1 acid dragon scales.
 15201 | D:10     | 15201 ||| READING scroll labelled OROXUV REOMM.
 15213 | D:11     | 15213 ||| INVOKING Heroism.
 15271 | D:11     | 15271 ||| INVOKING Heroism.
 15677 | D:11     | Found a staircase to the Orcish Mines.
 15825 | D:11     | 15825 ||| PLANNING D
 15825 | D:11     | 15825 ||| READING scroll labelled NICURITW ATTUKH.
 15825 | D:11     | Identified a scroll of acquirement
 15825 | D:11     | 15825 ||| ACQUIRING scarf of Istrauc {rC+ rF+, Dex+4}
 15825 | D:11     | Acquired the scarf of Istrauc {rC+ rF+, Dex+4}
 15827 | D:11     | 15827 ||| UPGRADING to scarf of Istrauc {rC+ rF+, Dex+4}.
 15837 | D:11     | 15837 ||| DROPPING +2 cloak.
 15861 | D:12     | 15861 ||| READING scroll of enchant armour.
 15861 | D:12     | 15861 ||| ENCHANTING +1 pair of gloves.
 15908 | D:12     | Identified the +0 leather armour of Doemn {rElec rCorr
                  | Str-5 SInv}
 16192 | D:12     | Noticed Psyche
 16194 | D:12     | Killed Psyche
 16564 | D:13     | Noticed Maurice
 16582 | D:13     | Killed Maurice
 16792 | D:13     | Found Ciyfer's Book Boutique.
 16817 | D:13     | 16817 ||| INVOKING Heroism.
 16849 | D:13     | Reached skill level 12 in Dodging
 17280 | D:13     | 17280 ||| INVOKING Heroism.
 17416 | D:13     | 17416 ||| READING 10 scrolls of identify.
 17416 | D:13     | 17416 ||| IDENTIFYING glowing red potion
 17459 | D:14     | Found Hutoumie's Antique Weapon Shop.
 17528 | D:14     | Received a gift from Okawaru
 17530 | D:14     | 17530 ||| DROPPING +2 longbow of electrocution.
 17673 | D:14     | Reached ****** piety under Okawaru
 17715 | D:14     | 17715 ||| INVOKING Heroism.
 17716 | D:14     | 17716 ||| INVOKING Finesse.
 17719 | D:14     | 17719 ||| Stepping ~*~*~tactically~*~*~ (outnumbered).
 17733 | D:14     | Received a gift from Okawaru
 17785 | D:14     | Found a gate to the Vaults.
 18142 | D:14     | 18142 ||| DROPPING scarf of shadows.
 18163 | D:15     | Entered Level 15 of the Dungeon
 18164 | D:15     | 18164 ||| PLANNING GAUNTLET
 18186 | D:15     | 18186 ||| INVOKING Heroism.
 18190 | D:15     | Reached XP level 15. HP: 138/138 MP: 18/21
 18304 | D:15     | 18304 ||| INVOKING Heroism.
 18305 | D:15     | 18305 ||| INVOKING Finesse.
 18352 | D:15     | 18352 ||| INVOKING Finesse.
 18356 | D:15     | 18356 ||| INVOKING Heroism.
 18406 | D:15     | 18406 ||| INVOKING Finesse.
 18525 | D:15     | Found a gate leading to a gauntlet.
 18533 | D:15     | Noticed Kirke
 18533 | D:15     | 18533 ||| INVOKING Heroism.
 18536 | D:15     | Killed Kirke
 18544 | Gauntlet | Entered a Gauntlet
 18544 | Gauntlet | Found a transporter.
 18544 | Gauntlet | Found a transporter.
 18563 | Gauntlet | Found a transporter.
 18566 | Gauntlet | Found a transporter.
 18567 | Gauntlet | Found a transporter.
 18567 | Gauntlet | Found a transporter.
 18597 | Gauntlet | Found a transporter.
 18601 | Gauntlet | Found a transporter.
 18609 | Gauntlet | Found a transporter.
 18626 | Gauntlet | Found a transporter.
 18642 | Gauntlet | Found a transporter.
 18645 | Gauntlet | Found a transporter.
 18693 | Gauntlet | 18693 ||| DROPPING +6 ring of intelligence.
 18728 | Gauntlet | Gained mutation: Your magical capacity is low. (-10% MP) [a
                  | neqoxec]
 18764 | Gauntlet | Identified the ring "Ifeicwiz" {rF+ Str+2 Dex+3 SInv
                  | Stlth+}
 18771 | Gauntlet | 18771 ||| UPGRADING to ring "Ifeicwiz" {rF+ Str+2 Dex+3
                  | SInv Stlth+}.
 18778 | Gauntlet | 18778 ||| INVOKING Heroism.
 18803 | Gauntlet | Identified the +5 sling of Wuonyh {speed, rElec rC+ Stlth+}
 18869 | Gauntlet | 18869 ||| DROPPING ring of fire.
 18884 | D:15     | 18884 ||| PLANNING D
 18911 | D:15     | Found a shadowy altar of Dithmenos.
 19014 | D:15     | Found a sacrificial altar of Ru.
 19131 | D:15     | 19131 ||| INVOKING Heroism.
 19137 | D:15     | 19137 ||| Stepping ~*~*~tactically~*~*~ (outnumbered).
 19185 | D:15     | Found a staircase to the Depths.
 19206 | D:15     | 19206 ||| PLANNING ORC
 19206 | D:15     | 19206 ||| DROPPING +6 ring of strength.
 19321 | Orc:1    | Entered Level 1 of the Orcish Mines
 19332 | Orc:1    | 19332 ||| INVOKING Heroism.
 19441 | Orc:1    | You fall into a shaft and drop 1 floor!
 19441 | Orc:2    | Entered Level 2 of the Orcish Mines
 19545 | Orc:2    | Found Timn's Jewellery Boutique.
 19657 | Orc:1    | Found a transporter.
 19661 | Orc:1    | Noticed Dinant's ghost (journeyman DsMo)
 19831 | Orc:1    | Found a transporter.
 19944 | Orc:2    | 19944 ||| BUYING amulet "Ziulanti" {rN+ Will+ Regen+ Str+3}
                  | (796 gold).
 19944 | Orc:2    | Bought the amulet "Ziulanti" {rN+ Will+ Regen+ Str+3} for
                  | 796 gold pieces
 20200 | Orc:2    | 20200 ||| INVOKING Heroism.
 20204 | Orc:2    | 20204 ||| Stepping ~*~*~tactically~*~*~ (outnumbered).
 20205 | Orc:2    | 20205 ||| Stepping ~*~*~tactically~*~*~ (outnumbered).
 20265 | Orc:2    | Found Kesohi's Book Shop.
 20266 | Orc:2    | Found Deromi's Antique Armour Boutique.
 20267 | Orc:2    | Found Omeir's Antique Weapon Boutique.
 20268 | Orc:2    | 20268 ||| Stepping ~*~*~tactically~*~*~ (outnumbered).
 20273 | Orc:2    | Reached skill level 15 in Fighting
 20277 | Orc:2    | Found Vaoluith's Jewellery Shop.
 20281 | Orc:2    | 20281 ||| BUYING +5 ring of evasion (504 gold).
 20281 | Orc:2    | Bought a +5 ring of evasion for 504 gold pieces
 20285 | Orc:2    | 20285 ||| BUYING pair of embroidered gloves (240 gold).
 20285 | Orc:2    | Bought a pair of embroidered gloves for 240 gold pieces
 20314 | Orc:2    | Found a staircase to the Elven Halls.
 20697 | Orc:2    | 20697 ||| PLANNING SHOALS:1-3
 20697 | Orc:2    | 20697 ||| DROPPING +2 pair of gloves.
 20698 | Orc:2    | 20698 ||| DROPPING amulet of regeneration.
 20699 | Orc:2    | 20699 ||| DROPPING +4 ring of protection.
 20876 | Shoals:1 | Entered Level 1 of the Shoals
 20939 | Shoals:1 | 20939 ||| INVOKING Heroism.
 20982 | Shoals:1 | 20982 ||| Stepping ~*~*~tactically~*~*~ (water).
 20984 | Shoals:1 | 20984 ||| Stepping ~*~*~tactically~*~*~ (water).
 21055 | Shoals:1 | 21055 ||| Stepping ~*~*~tactically~*~*~ (water).
 21067 | Shoals:1 | 21067 ||| Stepping ~*~*~tactically~*~*~ (water).
 21101 | Shoals:1 | 21101 ||| Stepping ~*~*~tactically~*~*~ (water).
 21103 | Shoals:1 | 21103 ||| Stepping ~*~*~tactically~*~*~ (water).
 21105 | Shoals:1 | 21105 ||| Stepping ~*~*~tactically~*~*~ (water).
 21107 | Shoals:1 | 21107 ||| Stepping ~*~*~tactically~*~*~ (water).
 21109 | Shoals:1 | 21109 ||| Stepping ~*~*~tactically~*~*~ (water).
 21111 | Shoals:1 | 21111 ||| Stepping ~*~*~tactically~*~*~ (water).
 21113 | Shoals:1 | 21113 ||| Stepping ~*~*~tactically~*~*~ (water).
 21115 | Shoals:1 | 21115 ||| Stepping ~*~*~tactically~*~*~ (water).
 21117 | Shoals:1 | 21117 ||| Stepping ~*~*~tactically~*~*~ (water).
 21119 | Shoals:1 | 21119 ||| Stepping ~*~*~tactically~*~*~ (water).
 21121 | Shoals:1 | 21121 ||| Stepping ~*~*~tactically~*~*~ (water).
 21123 | Shoals:1 | 21123 ||| Stepping ~*~*~tactically~*~*~ (water).
 21125 | Shoals:1 | 21125 ||| INVOKING Heroism.
 21126 | Shoals:1 | 21126 ||| Stepping ~*~*~tactically~*~*~ (water).
 21128 | Shoals:1 | 21128 ||| Stepping ~*~*~tactically~*~*~ (water).
 21130 | Shoals:1 | 21130 ||| Stepping ~*~*~tactically~*~*~ (water).
 21132 | Shoals:1 | 21132 ||| Stepping ~*~*~tactically~*~*~ (water).
 21134 | Shoals:1 | 21134 ||| Stepping ~*~*~tactically~*~*~ (water).
 21136 | Shoals:1 | 21136 ||| Stepping ~*~*~tactically~*~*~ (water).
 21138 | Shoals:1 | 21138 ||| Stepping ~*~*~tactically~*~*~ (water).
 21140 | Shoals:1 | 21140 ||| Stepping ~*~*~tactically~*~*~ (water).
 21142 | Shoals:1 | 21142 ||| Stepping ~*~*~tactically~*~*~ (water).
 21144 | Shoals:1 | 21144 ||| Stepping ~*~*~tactically~*~*~ (water).
 21146 | Shoals:1 | 21146 ||| Stepping ~*~*~tactically~*~*~ (water).
 21148 | Shoals:1 | 21148 ||| Stepping ~*~*~tactically~*~*~ (water).
 21150 | Shoals:1 | 21150 ||| Stepping ~*~*~tactically~*~*~ (water).
 21152 | Shoals:1 | 21152 ||| Stepping ~*~*~tactically~*~*~ (water).
 21343 | Shoals:1 | 21343 ||| INVOKING Heroism.
 21352 | Shoals:1 | Reached skill level 15 in Dodging
 21587 | Shoals:2 | 21587 ||| INVOKING Heroism.
 21596 | Shoals:2 | Received a gift from Okawaru
 21613 | Shoals:2 | 21613 ||| SWAPPING to +2 triple crossbow of freezing.
 21614 | Shoals:2 | 21614 ||| DROPPING +1 longbow "Fufot" {freeze, Str+3
                  | Dex+3}.
 21628 | Shoals:2 | 21628 ||| READING scroll of enchant weapon.
 21628 | Shoals:2 | 21628 ||| ENCHANTING +2 triple crossbow of freezing.
 21642 | Shoals:2 | 21642 ||| INVOKING Heroism.
 21735 | Shoals:2 | 21735 ||| INVOKING Heroism.
 21739 | Shoals:2 | 21739 ||| Stepping ~*~*~tactically~*~*~ (water).
 21783 | Shoals:2 | 21783 ||| INVOKING Heroism.
 21975 | Shoals:2 | 21975 ||| INVOKING Heroism.
 21981 | Shoals:2 | Reached XP level 16. HP: 150/150 MP: 18/20
 21984 | Shoals:2 | 21984 ||| Stepping ~*~*~tactically~*~*~ (water).
 22048 | Shoals:2 | 22048 ||| INVOKING Heroism.
 22062 | Shoals:2 | Reached skill level 21 in Ranged Weapons
 22083 | Shoals:2 | 22083 ||| Stepping ~*~*~tactically~*~*~ (water).
 22090 | Shoals:2 | 22090 ||| Stepping ~*~*~tactically~*~*~ (water).
 22093 | Shoals:2 | 22093 ||| Stepping ~*~*~tactically~*~*~ (water).
 22211 | Shoals:2 | 22211 ||| INVOKING Heroism.
 22212 | Shoals:2 | 22212 ||| INVOKING Finesse.
 22310 | Shoals:2 | 22310 ||| Stepping ~*~*~tactically~*~*~ (water).
 22431 | Shoals:3 | 22431 ||| Stepping ~*~*~tactically~*~*~ (outnumbered).
 22484 | Shoals:3 | 22484 ||| INVOKING Heroism.
 22485 | Shoals:3 | 22485 ||| Stepping ~*~*~tactically~*~*~ (water).
 22563 | Shoals:3 | 22563 ||| INVOKING Heroism.
 22564 | Shoals:3 | 22564 ||| INVOKING Finesse.
 22652 | Shoals:3 | 22652 ||| READING scroll of acquirement.
 22652 | Shoals:3 | 22652 ||| ACQUIRING amulet of Ittimoul {Spirit rF+ Will+
                  | Stlth-}
 22652 | Shoals:3 | Acquired the amulet of Ittimoul {Spirit rF+ Will+ Stlth-}
 22692 | Shoals:3 | 22692 ||| INVOKING Heroism.
 22703 | Shoals:3 | 22703 ||| Stepping ~*~*~tactically~*~*~ (water).
 22704 | Shoals:3 | 22704 ||| Stepping ~*~*~tactically~*~*~ (water).
 22992 | Shoals:3 | 22992 ||| PLANNING SPIDER:1-3
 23117 | Spider:1 | Entered Level 1 of the Spider Nest
 23194 | Spider:1 | 23194 ||| INVOKING Heroism.
 23294 | Spider:1 | 23294 ||| Stepping ~*~*~tactically~*~*~ (water).
 23296 | Spider:1 | 23296 ||| Stepping ~*~*~tactically~*~*~ (water).
 23335 | Spider:1 | 23335 ||| Stepping ~*~*~tactically~*~*~ (water).
 23346 | Spider:1 | 23346 ||| INVOKING Heroism.
 23347 | Spider:1 | 23347 ||| Stepping ~*~*~tactically~*~*~ (outnumbered).
 23435 | Spider:1 | 23435 ||| Stepping ~*~*~tactically~*~*~ (water).
 23483 | Spider:1 | Identified the -1 hat "Qijux" {Contam +Blink rC+ Int+3}
                  | (Okawaru gifted it to you on level 1 of the Spider Nest)
 23483 | Spider:1 | Received a gift from Okawaru
 23763 | Spider:1 | 23763 ||| UPGRADING to -1 hat "Qijux" {Contam +Blink rC+
                  | Int+3}.
 23783 | Spider:2 | 23783 ||| INVOKING Heroism.
 23791 | Spider:2 | Reached skill level 9 in Armour
 23806 | Spider:2 | Found a frozen archway.
 23815 | Spider:2 | 23815 ||| INVOKING Heroism.
 23873 | Spider:2 | 23873 ||| INVOKING Heroism.
 23879 | Spider:2 | Noticed Arachne
 23880 | Spider:2 | 23880 ||| INVOKING Finesse.
 23888 | Spider:2 | Killed Arachne
 23961 | Spider:2 | 23961 ||| INVOKING Finesse.
 24301 | Spider:2 | Found a runed translucent door.
 24302 | Spider:2 | Noticed qw's ghost (adept MiHu)
 24441 | Spider:3 | Noticed Azrael
 24442 | Spider:3 | 24442 ||| INVOKING Heroism.
 24454 | Spider:3 | 24454 ||| STAIRDANCE
 24463 | Spider:2 | Killed Azrael
 24561 | Spider:3 | 24561 ||| INVOKING Heroism.
 24594 | Spider:3 | 24594 ||| STAIRDANCE
 24771 | Spider:3 | 24771 ||| INVOKING Finesse.
 24854 | Spider:3 | 24854 ||| INVOKING Heroism.
 24859 | Spider:3 | 24859 ||| INVOKING Finesse.
 24860 | Spider:3 | Reached XP level 17. HP: 162/162 MP: 19/21
 24860 | Spider:3 | 24860 ||| INVOKING Finesse.
 24887 | Spider:3 | Reached skill level 18 in Fighting
 24924 | Spider:3 | 24924 ||| INVOKING Heroism.
 25151 | Spider:3 | 25151 ||| INVOKING Finesse.
 25397 | Spider:3 | 25397 ||| PLANNING SHOALS:4
 25560 | Shoals:4 | Entered Level 4 of the Shoals
 25565 | Shoals:4 | 25565 ||| STAIRDANCE
 25568 | Shoals:3 | 25568 ||| Stepping ~*~*~tactically~*~*~ (water).
 25578 | Shoals:3 | Received a gift from Okawaru
 25620 | Shoals:4 | 25620 ||| Stepping ~*~*~tactically~*~*~ (outnumbered).
 25625 | Shoals:4 | 25625 ||| Stepping ~*~*~tactically~*~*~ (outnumbered).
 25627 | Shoals:4 | 25627 ||| INVOKING Heroism.
 25628 | Shoals:4 | 25628 ||| INVOKING Finesse.
 25630 | Shoals:4 | 25630 ||| Stepping ~*~*~tactically~*~*~ (water).
 25631 | Shoals:4 | 25631 ||| Stepping ~*~*~tactically~*~*~ (outnumbered).
 25644 | Shoals:4 | HP: 38/163 [merfolk impaler/+2 trident of venom (11)]
 25645 | Shoals:4 | 25645 ||| READING 20 scrolls of teleportation.
 25646 | Shoals:4 | 25646 ||| DRINKING 7 potions of heal wounds.
 25647 | Shoals:4 | 25647 ||| DRINKING 6 potions of heal wounds.
 25672 | Shoals:4 | 25672 ||| INVOKING Heroism.
 25675 | Shoals:4 | HP: 36/163 [satyr/arrow (12)]
 25676 | Shoals:4 | 25676 ||| READING 19 scrolls of teleportation.
 25677 | Shoals:4 | 25677 ||| DRINKING 5 potions of heal wounds.
 25678 | Shoals:4 | 25678 ||| Stepping ~*~*~tactically~*~*~ (water).
 25679 | Shoals:4 | 25679 ||| READING 18 scrolls of teleportation.
 25680 | Shoals:4 | 25680 ||| DRINKING 4 potions of heal wounds.
 25680 | Shoals:4 | HP: 37/163 [sphinx/divine providence (16)]
 25681 | Shoals:4 | 25681 ||| DRINKING 3 potions of heal wounds.
 25684 | Shoals:4 | 25684 ||| Stepping ~*~*~tactically~*~*~ (outnumbered).
 25686 | Shoals:4 | 25686 ||| Stepping ~*~*~tactically~*~*~ (outnumbered).
 25687 | Shoals:4 | 25687 ||| Stepping ~*~*~tactically~*~*~ (outnumbered).
 25689 | Shoals:4 | 25689 ||| Stepping ~*~*~tactically~*~*~ (outnumbered).
 25694 | Shoals:4 | 25694 ||| INVOKING Finesse.
 25695 | Shoals:4 | HP: 35/163 [merfolk impaler/+2 trident of venom (18)]
 25696 | Shoals:4 | 25696 ||| READING 17 scrolls of teleportation.
 25697 | Shoals:4 | 25697 ||| DRINKING 2 potions of heal wounds.
 25698 | Shoals:4 | 25698 ||| Stepping ~*~*~tactically~*~*~ (outnumbered).
 25699 | Shoals:4 | 25699 ||| Stepping ~*~*~tactically~*~*~ (outnumbered).
 25700 | Shoals:4 | 25700 ||| Stepping ~*~*~tactically~*~*~ (outnumbered).
 25727 | Shoals:4 | 25727 ||| INVOKING Heroism.
 25738 | Shoals:4 | Reached skill level 18 in Dodging
 25752 | Shoals:4 | 25752 ||| Stepping ~*~*~tactically~*~*~ (outnumbered).
 25755 | Shoals:4 | 25755 ||| Stepping ~*~*~tactically~*~*~ (outnumbered).
 25762 | Shoals:4 | 25762 ||| INVOKING Heroism.
 25763 | Shoals:4 | 25763 ||| Stepping ~*~*~tactically~*~*~ (water).
 25764 | Shoals:4 | 25764 ||| Stepping ~*~*~tactically~*~*~ (water).
 25766 | Shoals:4 | 25766 ||| Stepping ~*~*~tactically~*~*~ (water).
 25767 | Shoals:4 | 25767 ||| Stepping ~*~*~tactically~*~*~ (water).
 25767 | Shoals:4 | HP: 37/163 [satyr/arrow (23)]
 25768 | Shoals:4 | 25768 ||| READING 16 scrolls of teleportation.
 25769 | Shoals:4 | 25769 ||| DRINKING potion of heal wounds.
 25770 | Shoals:4 | 25770 ||| Stepping ~*~*~tactically~*~*~ (water).
 25855 | Shoals:4 | 25855 ||| Stepping ~*~*~tactically~*~*~ (outnumbered).
 25857 | Shoals:4 | 25857 ||| Stepping ~*~*~tactically~*~*~ (outnumbered).
 25869 | Shoals:4 | Got a barnacled rune of Zot
 25880 | Shoals:4 | 25880 ||| Stepping ~*~*~tactically~*~*~ (outnumbered).
 25882 | Shoals:4 | 25882 ||| Stepping ~*~*~tactically~*~*~ (outnumbered).
 25884 | Shoals:4 | 25884 ||| INVOKING Heroism.
 25920 | Shoals:4 | Identified the staff of fire "Mocokk" {rF+ Int+4}
 26094 | Shoals:4 | 26094 ||| INVOKING Heroism.
 26128 | Shoals:4 | 26128 ||| DROPPING ring of see invisible.
 26130 | Shoals:4 | 26130 ||| PLANNING VAULTS:1-4
 26415 | Vaults:1 | Entered Level 1 of the Vaults
 26430 | Vaults:1 | 26430 ||| Stepping ~*~*~tactically~*~*~ (outnumbered).
 26432 | Vaults:1 | 26432 ||| FLEEEEING.
 26433 | Vaults:1 | 26433 ||| Stepping ~*~*~tactically~*~*~ (outnumbered).
 26434 | Vaults:1 | 26434 ||| Stepping ~*~*~tactically~*~*~ (outnumbered).
 26436 | Vaults:1 | 26436 ||| INVOKING Heroism.
 26621 | Vaults:1 | 26621 ||| DRINKING potion of resistance.
 26646 | Vaults:1 | 26646 ||| INVOKING Heroism.
 26684 | Vaults:1 | 26684 ||| INVOKING Heroism.
 26685 | Vaults:1 | 26685 ||| INVOKING Finesse.
 26693 | Vaults:1 | Reached XP level 18. HP: 136/176 MP: 15/22
 26726 | Vaults:1 | 26726 ||| DROPPING +0 longbow of flaming.
 26745 | Vaults:1 | Received a gift from Okawaru
 26903 | Vaults:1 | Identified the +4 longbow "Colis" {elec, rElec} (Okawaru
                  | gifted it to you on level 1 of the Vaults)
 26903 | Vaults:1 | Received a gift from Okawaru
 27076 | Vaults:1 | 27076 ||| INVOKING Heroism.
 27077 | Vaults:1 | 27077 ||| INVOKING Finesse.
 27417 | Vaults:1 | 27417 ||| INVOKING Heroism.
 27418 | Vaults:1 | 27418 ||| INVOKING Finesse.
 27473 | Vaults:1 | 27473 ||| INVOKING Heroism.
 27550 | Vaults:1 | 27550 ||| Stepping ~*~*~tactically~*~*~ (outnumbered).
 27557 | Vaults:1 | Received a gift from Okawaru
 27837 | Vaults:2 | 27837 ||| PLANNING WIZLAB
 27879 | Vaults:2 | Noticed Zenata
 27880 | Vaults:2 | 27880 ||| INVOKING Heroism.
 27881 | Vaults:2 | 27881 ||| Stepping ~*~*~tactically~*~*~ (outnumbered).
 27894 | Vaults:2 | 27894 ||| Stepping ~*~*~tactically~*~*~ (outnumbered).
 27898 | Vaults:2 | Killed Zenata
 28043 | Vaults:2 | 28043 ||| INVOKING Heroism.
 28051 | Vaults:2 | 28051 ||| FLEEEEING.
 28052 | Vaults:2 | 28052 ||| FLEEEEING.
 28053 | Vaults:2 | 28053 ||| FLEEEEING.
 28442 | Vaults:2 | Found a portal to a secret trove of treasure.
 28607 | Vaults:2 | 28607 ||| RIP WIZLAB
 28608 | Vaults:2 | 28608 ||| PLANNING VAULTS:1-4
 29085 | Vaults:3 | Received a gift from Okawaru
 29145 | Vaults:3 | 29145 ||| INVOKING Heroism.
 29146 | Vaults:3 | 29146 ||| INVOKING Finesse.
 29220 | Vaults:3 | Reached skill level 21 in Fighting
 29263 | Vaults:3 | 29263 ||| INVOKING Heroism.
 29326 | Vaults:3 | 29326 ||| Stepping ~*~*~tactically~*~*~ (outnumbered).
 29329 | Vaults:3 | Received a gift from Okawaru
 29336 | Vaults:3 | 29336 ||| Stepping ~*~*~tactically~*~*~ (outnumbered).
 29354 | Vaults:3 | Reached skill level 12 in Armour
 29443 | Vaults:3 | 29443 ||| Stepping ~*~*~tactically~*~*~ (outnumbered).
 29445 | Vaults:3 | 29445 ||| Stepping ~*~*~tactically~*~*~ (outnumbered).
 29447 | Vaults:3 | 29447 ||| Stepping ~*~*~tactically~*~*~ (outnumbered).
 29449 | Vaults:3 | 29449 ||| Stepping ~*~*~tactically~*~*~ (outnumbered).
 29450 | Vaults:3 | 29450 ||| Stepping ~*~*~tactically~*~*~ (outnumbered).
 29577 | Vaults:3 | Reached XP level 19. HP: 189/189 MP: 22/22
 29603 | Vaults:3 | Identified the +4 chain mail "Unge" {-Tele Int+3 Dex+6}
 29929 | Vaults:3 | Identified the +1 ring mail "Jiffez" {Slay+3} (Okawaru
                  | gifted it to you on level 3 of the Vaults)
 29929 | Vaults:3 | Received a gift from Okawaru
 29960 | Vaults:3 | 29960 ||| FLEEEEING.
 29965 | Vaults:3 | 29965 ||| FLEEEEING.
 29966 | Vaults:3 | 29966 ||| FLEEEEING.
 29967 | Vaults:3 | 29967 ||| FLEEEEING.
 29968 | Vaults:3 | 29968 ||| FLEEEEING.
 29969 | Vaults:3 | 29969 ||| FLEEEEING.
 29970 | Vaults:3 | 29970 ||| FLEEEEING.
 29976 | Vaults:3 | 29976 ||| FLEEEEING.
 29977 | Vaults:3 | 29977 ||| FLEEEEING.
 29978 | Vaults:3 | 29978 ||| FLEEEEING.
 30178 | Vaults:3 | 30178 ||| Stepping ~*~*~tactically~*~*~ (outnumbered).
 30180 | Vaults:3 | 30180 ||| Stepping ~*~*~tactically~*~*~ (outnumbered).
 30182 | Vaults:3 | 30182 ||| Stepping ~*~*~tactically~*~*~ (outnumbered).
 30184 | Vaults:3 | 30184 ||| Stepping ~*~*~tactically~*~*~ (outnumbered).
 30204 | Vaults:3 | 30204 ||| INVOKING Heroism.
 30205 | Vaults:3 | 30205 ||| Stepping ~*~*~tactically~*~*~ (outnumbered).
 30215 | Vaults:3 | 30215 ||| INVOKING Finesse.
 30368 | Vaults:3 | 30368 ||| INVOKING Heroism.
 30399 | Vaults:3 | Noticed a bone dragon
 30408 | Vaults:3 | Killed a bone dragon
 30414 | Vaults:3 | Found Qeoshiq's Magic Scroll Shop.
 30417 | Vaults:3 | Found a staircase to the Crypt.
 30429 | Vaults:3 | 30429 ||| BUYING scroll of enchant weapon (97 gold).
 30429 | Vaults:3 | Bought a scroll of enchant weapon for 97 gold pieces
 30429 | Vaults:3 | 30429 ||| BUYING scroll of teleportation (39 gold).
 30429 | Vaults:3 | Bought a scroll of teleportation for 39 gold pieces
 30429 | Vaults:3 | 30429 ||| READING scroll of enchant weapon.
 30429 | Vaults:3 | 30429 ||| ENCHANTING +3 triple crossbow of freezing.
 30512 | Vaults:3 | 30512 ||| FLEEEEING.
 30513 | Vaults:3 | 30513 ||| FLEEEEING.
 30515 | Vaults:3 | 30515 ||| FLEEEEING.
 30516 | Vaults:3 | 30516 ||| FLEEEEING.
 30517 | Vaults:3 | 30517 ||| FLEEEEING.
 30518 | Vaults:3 | 30518 ||| FLEEEEING.
 30519 | Vaults:3 | 30519 ||| FLEEEEING.
 30520 | Vaults:3 | 30520 ||| FLEEEEING.
 30521 | Vaults:3 | 30521 ||| FLEEEEING.
 30533 | Vaults:3 | 30533 ||| FLEEEEING.
 30534 | Vaults:3 | 30534 ||| FLEEEEING.
 30535 | Vaults:3 | 30535 ||| FLEEEEING.
 30536 | Vaults:3 | 30536 ||| FLEEEEING.
 30537 | Vaults:3 | 30537 ||| FLEEEEING.
 30538 | Vaults:3 | 30538 ||| FLEEEEING.
 30539 | Vaults:3 | 30539 ||| FLEEEEING.
 30540 | Vaults:3 | 30540 ||| STAIRDANCE
 30971 | Vaults:4 | 30971 ||| INVOKING Heroism.
 30972 | Vaults:4 | 30972 ||| INVOKING Finesse.
 31043 | Vaults:4 | 31043 ||| INVOKING Heroism.
 31044 | Vaults:4 | 31044 ||| INVOKING Finesse.
 31080 | Vaults:4 | HP: 37/191 [ironbound thunderhulk/bolt of lightning (30)]
 31081 | Vaults:4 | 31081 ||| READING 21 scrolls of teleportation.
 31082 | Vaults:4 | 31082 ||| DRINKING potion of heal wounds.
 31084 | Vaults:4 | Reached skill level 21 in Dodging
 31093 | Vaults:4 | HP: 45/191 [dire elephant (19)]
 31094 | Vaults:4 | 31094 ||| READING 20 scrolls of teleportation.
 31094 | Vaults:4 | HP: 6/191 [ironbound thunderhulk/bolt of lightning (40)]
 31096 | Vaults:4 | Mangled by a lindwurm

Levels and vault maps discovered:
D:1:      dpeg_arrival_three_same_balls, layout_basic
D:2:      layout_basic, serial_shops, shop
D:3:      layout_basic, gammafunk_ghost_mausoleum, kennysheep_boxes,
          uniq_grinder
D:4:      layout_basic, minivault_26, uniq_edmund
D:5:      layout_loops_ring, nzn_wu_jian_contemplation,
          nicolae_ossuary_entry_monument, uniq_prince_ribbit1
D:6:      layout_loops_corners, minmay_temple_entry_wispy, gammafunk_ghost_smash
D:7:      layout_loops_ring, nicolae_qazlal_eye_of_the_storm, minitemple,
          uniq_joseph
D:8:      gammafunk_beogh_shrine, layout_loops_ring, nzn_random_ring,
          uniq_maggie, uniq_amaemon
D:9:      layout_small_grid, minmay_lair_entry_grove
D:10:     layout_roguey, st_stairs_7, nicolae_inconvenience_store, uniq_fannar
D:11:     layout_irregular_city, orc_0_dummy
D:12:     layout_long_grid, drop_trap, lemuel_old_faithful, uniq_psyche
D:13:     layout_long_grid, serial_shops, kennysheep_mini_moat, uniq_maurice
D:14:     layout_roguey, david_vaults_4, serial_shops, nicolae_shop_behind_doors
D:15:     grunt_enter_depths_hoard, layout_cave_pools,
          nicolae_dithmenos_the_darkroom, gauntlet_entry_generic,
          nicolae_ru_path_of_blood, uniq_kirke
Temple:   minmay_crystal_spiral_temple
Lair:1:   layout_regular_city, beast_lair_carwin_6
Lair:2:   layout_roguey, worms_lemuel
Lair:3:   layout_regular_city, nicolae_shoals_entry_flooding,
          nicolae_spider_entry_lesser_pyramids, minmay_lair_oklob_items,
          serial_bayou_shore_b
Lair:4:   layout_gridlike
Lair:5:   hangedman_lair_caniforms_friends, layout_regular_city, slime_entry_1,
          basic_altar, st_stairs_12, serial_bayou_shore_a, uniq_snorg
Shoals:1: layout_shoals
Shoals:2: layout_shoals
Shoals:3: layout_shoals
Shoals:4: shoals_end_hellmonk_lost_city
Spider:1: layout_spider_delve, drop_trap
Spider:2: nicolae_spider_mines_2, ebering_ghost_inner_flame,
          portal_ice_cave_entry_pillars_1, nicolae_spider_claw_tunnel,
          uniq_arachne
Spider:3: layout_spider_delve, nicolae_spider_cling_ruins,
          nicolae_arachne_temple, uniq_azrael
Orc:1:    layout_caves, gammafunk_ghost_berserking_beasts
Orc:2:    st_orc_mages, layout_diamond_mine, special_room, serial_shops, shop
Vaults:1: nicolae_vaults_mini_display_case, nicolae_vaults_closet_pinwheel_1,
          nicolae_vaults_oval_intersection, vaults_room_semicircle,
          nicolae_vaults_shrinking_rooms_1, nicolae_vaults_fighting_squares,
          nicolae_vaults_layer_cake_slice, nicolae_vaults_shelves_hall,
          ontoclasm_vaults_gateway, vaults_room_grunt_arrival_ludios,
          nicolae_vaults_trapezoid_lopsided_4, hangedman_vaults_pinch,
          nicolae_vaults_doubleplus_tesselated, nicolae_vaults_tetromino_Z_1,
          vaults_room_semicircle, layout_vaults_omnibox
Vaults:2: infiniplex_enter_wizlab_spiral, v_alt_pattern_3,
          vaults_room_door_ring, nicolae_vaults_trapezoid_4,
          nicolae_vaults_variable_pillar_hall, vaults_dpeg_encased_lava,
          nicolae_vaults_trapezoid_lopsided_3, layout_vaults_chaotic_city,
          nicolae_trove_entry_columns, uniq_zenata
Vaults:3: v_rooms_6, v_misc_33, nicolae_vaults_ninety_degrees,
          nicolae_vaults_trapezoid_4, nicolae_vaults_surprise_closet,
          nicolae_vaults_little_guard_posts, layout_vaults_omnigrid,
          minmay_crypt_entry_nasty_monster, serial_shops, shop_scrolls
Vaults:4: nicolae_vaults_network_quincunx
          [nicolae_vaults_network_quincunx_subvault,
          nicolae_vaults_network_quincunx_subvault,
          nicolae_vaults_network_quincunx_subvault,
          nicolae_vaults_network_quincunx_subvault,
          nicolae_vaults_network_quincunx_subvault],
          nicolae_vaults_big_angled_halls, nicolae_vaults_shipping_containers_5,
          nicolae_vaults_tetromino_Z_1, nicolae_vaults_circle_grid_a,
          nicolae_vaults_storage_closets_3, nicolae_vaults_heist,
          nicolae_vaults_closet_pinwheel_4, vaults_mumra_hex,
          hangedman_vaults_trim, layout_vaults_omnicross, uniq_sojobo,
          uniq_frederick

Skill      XL: |  1  2  3  4  5  6  7  8  9 10 11 12 13 14 15 16 17 18 19 |
---------------+----------------------------------------------------------+-----
Ranged Weapons | 5 6 7 9 11 12 14 15 16 18 20 22 | 22.0
Fighting       | 3 6 7 8 9 10 11 12 14 15 17 19 21 22 | 22.0
Armour         | 1 2 3 4 5 6 7 8 9 10 12 | 12.0
Dodging        | 3 4 6 7 8 10 11 12 15 16 18 20 21 | 21.0
Invocations    | 4 7 10 | 10.0
Stealth        | |  0.7

Action                     |  1- 3 |  4- 6 |  7- 9 | 10-12 | 13-15 | 16-18 | 19-21 || total
---------------------------+-------+-------+-------+-------+-------+-------+-------++-------
   Fire: Shortbow          |   130 |   153 |   207 |       |       |       |       ||   490
         Orcbow            |       |       |   124 |   577 |       |       |       ||   701
         Longbow           |       |       |       |   138 |  1172 |       |       ||  1310
         Triple crossbow   |       |       |       |       |    66 |   979 |   166 ||  1211
 Invoke: Heroism           |       |       |       |    25 |    33 |    30 |     4 ||    92
         Finesse           |       |       |       |     2 |     5 |    13 |     3 ||    23
    Use: Scroll            |     1 |     6 |     7 |     6 |     7 |     6 |     3 ||    36
         Potion            |       |     4 |     4 |     2 |       |     8 |     1 ||    19
 Armour: Leather armour    |     7 |       |       |       |       |       |       ||     7
         Ring mail         |     9 |    21 |    72 |    36 |    50 |    90 |     6 ||   284
         Acid dragon scale |       |       |       |    40 |    32 |       |       ||    72
  Dodge: Dodged            |    32 |    48 |   134 |   342 |   512 |  1165 |   146 ||  2379

Table legend:
 A = Non-vault XP
 B = Vault XP
 C = Vault XP percentage of total XP
 D = Non-vault monster count
 E = Vault monster count
 F = Vault count percentage of total count
                 A         B        C        D         E       F
            +---------+---------+-------+---------+---------+-------
      Total |  283209 |  139278 |  33.0 |     839 |     337 |  28.7
            +---------+---------+-------+---------+---------+-------
        D:1 |      37 |       0 |   0.0 |      23 |       0 |   0.0
        D:2 |      72 |       0 |   0.0 |      21 |       0 |   0.0
        D:3 |     116 |     254 |  68.6 |      24 |       1 |   4.0
        D:4 |     215 |       0 |   0.0 |      13 |       0 |   0.0
        D:5 |     529 |     283 |  34.9 |      17 |       1 |   5.6
        D:6 |     284 |       0 |   0.0 |       7 |       0 |   0.0
        D:7 |    2053 |     397 |  16.2 |      20 |       1 |   4.8
        D:8 |    1884 |    6272 |  76.9 |      22 |      23 |  51.1
        D:9 |     799 |    2037 |  71.8 |      16 |      12 |  42.9
       D:10 |    1807 |    1040 |  36.5 |      13 |       3 |  18.8
       D:11 |    3092 |       0 |   0.0 |       7 |       0 |   0.0
       D:12 |    5522 |     379 |   6.4 |      17 |       1 |   5.6
       D:13 |   12083 |     508 |   4.0 |      32 |       1 |   3.0
       D:14 |   10886 |    2632 |  19.5 |      23 |       4 |  14.8
       D:15 |    8621 |    3637 |  29.7 |      19 |       5 |  20.8
     Lair:1 |    7799 |    1415 |  15.4 |      27 |       7 |  20.6
     Lair:2 |    5547 |     342 |   5.8 |      27 |       2 |   6.9
     Lair:3 |    4647 |    2630 |  36.1 |      23 |       7 |  23.3
     Lair:4 |    6416 |       0 |   0.0 |      22 |       0 |   0.0
     Lair:5 |    8170 |   11576 |  58.6 |      28 |      58 |  67.4
   Shoals:1 |   12100 |       0 |   0.0 |      23 |       0 |   0.0
   Shoals:2 |   23306 |       0 |   0.0 |      48 |       0 |   0.0
   Shoals:3 |   13499 |       0 |   0.0 |      33 |       0 |   0.0
   Shoals:4 |    9903 |   25088 |  71.7 |      20 |      38 |  65.5
   Spider:1 |    7708 |       0 |   0.0 |      22 |       0 |   0.0
   Spider:2 |   10761 |    9309 |  46.4 |      29 |      12 |  29.3
   Spider:3 |   17901 |   14828 |  45.3 |      50 |      41 |  45.1
      Orc:1 |    1702 |       0 |   0.0 |      25 |       0 |   0.0
      Orc:2 |    2565 |    4844 |  65.4 |      41 |      42 |  50.6
   Vaults:1 |   36617 |   18962 |  34.1 |      56 |      25 |  30.9
   Vaults:2 |   27758 |    1801 |   6.1 |      34 |       1 |   2.9
   Vaults:3 |   31074 |   17678 |  36.3 |      49 |      20 |  29.0
   Vaults:4 |    7736 |   10265 |  57.0 |       8 |      11 |  57.9
    Ossuary |       0 |     741 | 100.0 |       0 |      15 | 100.0
   Gauntlet |       0 |    2360 | 100.0 |       0 |       6 | 100.0
            +---------+---------+-------+---------+---------+-------
